Map: Berlingrad LE

Players

Pumba - Winner!

  • Race: Protoss Protoss
  • League: Platinum
  • Spawn Location: 5:00

wviwizeky

  • Race: Zerg Zerg
  • Spawn Location: 11:00

VOD

Have the link to the VOD?

Description

Time

  • Played on: Feb. 8, 2022, 10:43 p.m.
  • Length: 8:43
Show
View Real Time Build Order
Export as new Build Order

Pumba Protoss - Winner!

Build Orders: 1 Gate Expand 

Get SALT Encoding   

  12  0:00  Probe  
  13  0:13  Probe  
  14  0:20  Pylon  
  14  0:25  Probe  
  15  0:38  Probe (Chrono Boost)  
  16  0:43  Gateway  
  16  0:47  Assimilator  
  17  0:50  Probe (Chrono Boost)  
  17  0:54  Probe (Chrono Boost)  
  18  1:04  Probe  
  19  1:16  Probe  
  20  1:23  Nexus  
  20  1:34  Cybernetics Core  
  20  1:36  Probe  
  21  1:45  Assimilator  
  21  1:49  Pylon  
  21  1:51  Probe  
  22  2:03  Probe  
  22  2:08  Adept (Chrono Boost)  
  23  2:12  Warp Gate  
  23  2:15  Probe (Chrono Boost)  
  26  2:27  Probe (Chrono Boost)  
  27  2:30  Stalker  
  27  2:34  Probe (Chrono Boost)  
  27  2:36  Probe (Chrono Boost)  
  31  2:38  Robotics Facility  
  32  2:46  Probe x2 (Chrono Boost)  
  32  2:50  Probe (Chrono Boost)  
  33  2:53  Probe  
  35  3:02  Probe  
  35  3:06  Probe  
  35  3:10  Adept  
  38  3:14  Probe  
  39  3:20  Probe  
  39  3:26  Assimilator  
  40  3:27  Robotics Bay  
  40  3:29  Gateway  
  40  3:35  Probe  
  41  3:44  Warp Prism (Chrono Boost)  
  41  3:47  Gateway  
  43  3:48  Pylon  
  43  3:53  Probe x2  
  43  3:54  Pylon  
  45  4:14  Disruptor (Chrono Boost)  
  48  4:18  Probe x2  
  50  4:24  Pylon  
  50  4:25  Assimilator  
  50  4:29  Robotics Facility  
  50  4:33  Gateway  
  50  4:35  Gateway  
  50  4:37  Gateway  
  50  4:41  Gateway  
  50  4:46  Probe x2  
  50  4:48  Disruptor  
  55  5:05  Stalker x3  
  62  5:07  Probe  
  62  5:09  Pylon  
  62  5:12  Pylon  
  62  5:24  Disruptor (Chrono Boost)  
  62  5:25  Disruptor (Chrono Boost)  
  68  5:39  Probe  
  69  6:01  Disruptor x2  
  75  6:05  Stalker x5  
  75  6:07  Probe  
  75  6:10  Pylon  
  86  6:11  Pylon  
  86  6:13  Pylon  
  86  6:26  Pylon  
  86  6:34  Stalker x3  
  86  6:36  Disruptor  
  86  6:37  Observer  
  86  6:58  Stalker x2  
  86  6:59  Zealot x4, Stalker  
  98  7:25  Zealot x7  
  112  7:32  Pylon  
  112  7:34  Pylon  
  112  7:36  Pylon  
  108  7:46  Stalker  
  108  7:47  Stalker x4  
Show
View Real Time Build Order
Export as new Build Order

wviwizeky Zerg 

Build Orders: Hatch First 

Get SALT Encoding   

  12  0:01  Drone  
  13  0:13  Overlord  
  13  0:18  Drone  
  14  0:32  Drone x2  
  16  0:50  Hatchery  
  16  0:53  Drone  
  16  0:56  Drone  
  17  1:01  Drone  
  18  1:10  Extractor  
  17  1:17  Spawning Pool  
  16  1:20  Drone  
  16  1:23  Drone  
  18  1:29  Drone  
  19  1:46  Drone  
  20  1:51  Drone  
  21  2:05  Zergling x4, Queen  
  21  2:06  Queen  
  27  2:26  Hatchery  
  26  2:32  Metabolic Boost  
  26  2:35  Overlord  
  26  2:37  Drone  
  26  2:38  Drone  
  28  2:52  Queen  
  30  3:07  Zergling x4  
  31  3:16  Zergling x4  
  31  3:17  Overlord  
  31  3:19  Drone  
  33  3:20  Drone x3  
  35  3:42  Drone  
  35  3:43  Drone x4  
  35  3:44  Queen  
  42  3:58  Overlord  
  42  4:01  Pneumatized Carapace  
  42  4:02  Drone  
  42  4:05  Drone x5  
  42  4:06  Drone x3  
  49  4:10  Overlord  
  48  4:20  Queen  
  48  4:23  Extractor  
  49  4:24  Roach Warren  
  48  4:32  Drone  
  48  4:33  Drone x8  
  57  4:39  Zergling x2  
  58  4:51  Queen  
  60  4:56  Queen, Extractor  
  61  5:11  Zergling x2  
  61  5:12  Zergling x8  
  66  5:14  Overlord x2  
  66  5:25  Spore Crawler  
  62  5:31  Drone  
  62  5:32  Drone x3  
  62  5:33  Overlord x2  
  66  5:41  Lair  
  66  5:46  Spore Crawler  
  67  5:50  Roach x6  
  77  6:03  Roach  
  91  6:04  Roach x7  
  91  6:09  Overlord x2  
  93  6:22  Overlord, Extractor  
  93  6:23  Overlord  
  92  6:30  Zergling x2  
  93  6:38  Zergling x2  
  93  6:39  Zergling x6  
  81  6:44  Zergling x14  
  84  6:51  Zergling x6  
  81  6:54  Zergling x2  
  81  6:55  Zergling x4  
  81  7:01  Zergling x2  
  81  7:02  Ravager  
  81  7:03  Ravager x4  
  81  7:05  Overseer x2  
  81  7:08  Zergling x2  
  85  7:09  Zergling x2  
  85  7:10  Zergling x2  
  85  7:11  Roach  
  85  7:16  Zergling x2  
  85  7:17  Roach  
  85  7:20  Zergling x2  
  61  7:23  Roach  
  61  7:24  Roach  
  61  7:27  Zergling x2  
  66  7:32  Zergling x2  
  66  7:36  Roach  
  66  7:39  Drone, Roach, Spine Crawler  
  66  7:40  Roach x4  
  66  7:41  Spine Crawler  
  67  7:46  Ravager  
  67  7:47  Ravager  
  67  7:49  Zergling x2  
  67  7:50  Spine Crawler  
  68  7:54  Zergling x2  
  68  7:55  Overseer  
  62  7:59  Roach  
  62  8:01  Ravager x2  
  62  8:04  Zergling x2  
  61  8:08  Zergling x2  
  61  8:10  Roach  
  61  8:11  Zergling x2  
  61  8:12  Zergling x2  
Tags
 
Add a new tag
Caveats
  • Supply blocks, unpowered buildings, or Contaminate may cause inaccurate times.
  • Supply counts are checked every 10 seconds.